 Dungeon Crawl Stone Soup version 0.18.1-48-g4cf74bf (webtiles) character file.

7921 Joat the Cleaver (level 11, -5/59 HPs)
             Began as a Vine Stalker Fighter on Aug 23, 2016.
             Was a High Priest of Makhleb.
             Slain by a six-headed hydra (6 damage)
             ... on level 2 of the Lair of Beasts.
             The game lasted 00:47:05 (8567 turns).

Joat the Cleaver (Vine Stalker Fighter)             Turns: 8567, Time: 00:47:05

Health: -5/59      AC: 16    Str: 21    XL:     11   Next: 22%
Magic:  0/14       EV:  8    Int:  8    God:    Makhleb [*****.]
Gold:   695        SH: 11    Dex: 15    Spells: 0 memorised, 10 levels left

rFire  . . .     SeeInvis .     b - +1 rod of shadows (5/14)
rCold  + + .     Gourm    .     y - +3 scale mail {rC+}
rNeg   + . .     Faith    .     c - +0 shield
rPois  .         Spirit   +     o - +0 helmet
rElec  .         Dismiss  .     I - +2 cloak
rCorr  .         Reflect  .     (no gloves)
SustAt .         Harm     .     r - +0 pair of boots
MR     +....                    (no amulet)
Stlth  ..........               B - ring of protection from cold
                                F - ring of positive energy

@: somewhat resistant to hostile enchantments, extremely unstealthy
A: fangs 3, regeneration 2, magic shield, antimagic bite, no device heal 3, rot
immunity
a: Minor Destruction, Lesser Servant of Makhleb, Major Destruction, Greater
Servant of Makhleb, Renounce Religion


You were on level 2 of the Lair of Beasts.
You worshipped Makhleb.
Makhleb was extremely pleased with you.
You were very hungry.

You visited 3 branches of the dungeon, and saw 11 of its levels.

You collected 695 gold pieces.

Inventory:

Hand Weapons
 a - a +1 hand axe of electrocution
 i - a +0 flail
Missiles
 n - 11 javelins (quivered)
Armour
 c - a +0 shield (worn)
 o - a +0 helmet (worn)
 r - a +0 pair of boots (worn)
 y - a +3 scale mail of cold resistance (worn)
 I - a +2 cloak (worn)
Rods
 b - a +1 rod of shadows (5/14) (in hand)
   (You found it on level 8 of the Dungeon)
Jewellery
 v - an uncursed ring of see invisible
 B - a ring of protection from cold (right hand)
 F - a ring of positive energy (left hand)
Wands
 C - a wand of digging (8/24)
 E - a wand of teleportation (6/9)
Scrolls
 l - 2 scrolls of noise {unknown}
 p - a scroll of teleportation {unknown}
 s - a scroll of recharging {unknown}
 t - 3 scrolls of random uselessness {unknown}
 w - 3 scrolls of remove curse
 D - a scroll of blinking {unknown}
 H - 2 scrolls of magic mapping {unknown}
 J - a scroll of enchant weapon {unknown}
 K - a scroll of fog {unknown}
 N - a scroll of enchant armour {unknown}
 P - 2 scrolls of acquirement {unknown}
 Q - 2 scrolls of identify
Potions
 d - 4 potions of might
 e - 2 potions of degeneration
 h - 2 potions of brilliance
 j - a potion of ambrosia
 k - 2 potions of mutation
 q - a potion of berserk rage
 u - a potion of lignification {unknown}
 z - 2 potions of curing
 L - 2 potions of invisibility {unknown}
 M - 3 potions of magic {unknown}
 R - 2 potions of agility {unknown}
 U - a potion of heal wounds {unknown}
Books
 A - a Young Poisoner's Handbook

   Spells                             Type                      Level
   a - Sting                          Conjuration/Poison           1
   b - Cure Poison                    Poison                       2
   c - Mephitic Cloud                 Conjuration/Poison/Air       3
   d - Olgreb's Toxic Radiance        Poison                       4
   e - Venom Bolt                     Conjuration/Poison           5
 G - a book of Callings

   Spells                             Type                      Level
   a - Summon Small Mammal            Summoning                    1
   b - Call Imp                       Summoning                    2
   c - Call Canine Familiar           Summoning                    3
   d - Summon Guardian Golem          Hexes/Summoning              3
   e - Summon Lightning Spire         Summoning/Air                4
   f - Summon Ice Beast               Ice/Summoning                4
 O - a book of Conjurations

   Spells                             Type                      Level
   a - Magic Dart                     Conjuration                  1
   b - Searing Ray                    Conjuration                  2
   c - Dazzling Spray                 Conjuration/Hexes            3
   d - Fulminant Prism                Conjuration/Hexes            4
   e - Iskenderun's Mystic Blast      Conjuration                  4
   f - Iskenderun's Battlesphere      Conjuration/Charms           5
 S - a book of Misfortune

   Spells                             Type                      Level
   a - Confusing Touch                Hexes                        2
   b - Confuse                        Hexes                        3
   c - Gell's Gravitas                Hexes/Translocation          3
   d - Petrify                        Transmutation/Earth          4
   e - Metabolic Englaciation         Hexes/Ice                    5
   f - Yara's Violent Unravelling     Hexes/Transmutation          5
Comestibles
 f - 11 bread rations
 g - 9 meat rations
 m - 3 beef jerkies
 x - 3 fruits


   Skills:
 + Level 7.7 Fighting
 * Level 8.0(8.4) Axes
 - Level 3.6(6.2) Maces & Flails
 + Level 7.0 Armour
 - Level 0.2 Dodging
 + Level 7.6 Shields
 + Level 2.6 Invocations
 + Level 2.9 Evocations


You had 10 spell levels left.
You didn't know any spells.

Dungeon Overview and Level Annotations

Branches:
Dungeon (8/15)             Temple (1/1) D:4            Lair (2/8) D:8

Altars:
Ashenzari
Cheibriados
Dithmenos
Elyvilon
Fedhas
Gozag
Kikubaaqudgha
Makhleb
Nemelex Xobeh
Okawaru
Pakellas
Qazlal
Ru
Sif Muna
Trog
Vehumet
Xom
Yredelemnul
Zin
The Shining One

Shops:
D:6 !

Annotations:
D:3 PeterMcNeter's ghost, amateur GrFi


Innate Abilities, Weirdness & Mutations

You have razor-sharp teeth.
You heal very quickly.
When hurt, damage is shared between your health and your magic reserves.
Your bite disrupts and absorbs the magic of your enemies.
Potions and wands cannot restore your health.
You are immune to rotting.


Message History

Your adder bites the six-headed hydra.
Your adder barely misses the six-headed hydra.
Your howler monkey skeleton hits the six-headed hydra.
Your howler monkey skeleton barely misses the six-headed hydra.
Your adder completely misses the six-headed hydra.
Drink which item? (? for menu, Esc to quit)
Okay, then.
Press: ? - help, Shift-Dir - straight line, f - six-headed hydra
Aim: a six-headed hydra (moderately wounded)
The bolt of fire hits the six-headed hydra.
The six-headed hydra is heavily wounded.
The bolt of fire misses your adder.
The bolt of fire hits the fungus.
The fungus is moderately damaged.
You feel somewhat more hungry.
The six-headed hydra closely misses you.
The six-headed hydra bites you.
* * * LOW HITPOINT WARNING * * *
You block the six-headed hydra's attack.
The six-headed hydra bites you!
You die...

........# ...#
.....P..# ....P...#
# ....##..##
######## ...(##...#
####P.##...
....P#..P# ####
#.#........
...###..##
#..######.........
..# #..##
#.>..Z............
.. ###.##
##@DSP####.........
#.#.## #.#####
##.P..##..
####.####.#
#######.. ##<#.###
#.. ##...# #.#
#P.#.# ### #### #


You could see a six-headed hydra, a friendly adder and a friendly howler monkey
skeleton.

Vanquished Creatures
  Erica (D:8)
  A black mamba (Lair:1)
  Joseph (D:8)
  2 spiny frogs
  A komodo dragon (Lair:1)
  A polar bear (Lair:2)
  8 yaks (Lair:1)
  2 hippogriffs
  Edmund (D:5)
  A porcupine (Lair:2)
  3 orc warriors
  3 black bears
  2 sky beasts
  A phantom (D:7)
  An ogre (D:8)
  2 centaurs
  2 wolves (Lair:1)
  A crocodile (D:8)
  2 big kobolds
  6 giant frogs
  A howler monkey (D:7)
  An electric eel (Lair:2)
  3 centaur zombies
  2 centaur skeletons
  2 jellies
  Crazy Yiuf (D:7)
  A giant frog zombie (D:5)
  A gnoll shaman (D:8)
  4 orc priests
  3 hounds
  8 orc wizards
  Jessica (D:2)
  4 iguanas
  4 worker ants
  Terence (D:3)
  A killer bee zombie (D:5)
  5 sheep (Lair:1)
  A hound zombie (D:5)
  A howler monkey zombie (D:5)
  Robin (D:2)
  2 gnolls (D:8)
  11 adders
  10 river rats
  6 shadow imps
  An ooze (D:1)
  An adder zombie (D:5)
  An adder skeleton (D:4)
  2 worms
  3 dart slugs
  5 giant geckos
  15 orcs
  4 giant cockroaches
  19 goblins
  8 hobgoblins
  9 jackals
  24 kobolds
  3 quokkas
  2 ball pythons
  7 bats
  2 giant gecko zombies (D:5)
  4 giant newts
  2 quokka skeletons (D:5)
  7 rats
  2 fungi (D:7)
238 creatures vanquished.

Vanquished Creatures (collateral kills)
  A komodo dragon (Lair:1)
  A polar bear (Lair:2)
  A steam dragon (D:8)
  A porcupine (Lair:1)
  2 wolves (Lair:1)
  A crocodile (Lair:1)
  A giant frog (Lair:1)
  An orc priest (D:8)
  An orc wizard (D:8)
  A worker ant (D:8)
  A gnoll (D:8)
  An adder skeleton (D:8)
  A giant gecko (D:8)
  4 orcs (D:8)
18 creatures vanquished.

Grand Total: 256 creatures vanquished

Notes
Turn   | Place    | Note
--------------------------------------------------------------
     0 | D:1      | Joat the Vine Stalker Fighter began the quest for the Orb.
     0 | D:1      | Reached XP level 1. HP: 11/11 MP: 2/2
   130 | D:1      | Reached XP level 2. HP: 9/16 MP: 3/3
   562 | D:1      | Reached XP level 3. HP: 19/19 MP: 4/4
  1121 | D:2      | Noticed Robin
  1131 | D:2      | Reached XP level 4. HP: 17/24 MP: 3/5
  1143 | D:2      | Killed Robin
  1301 | D:2      | Found a sparkling altar of Nemelex Xobeh.
  1362 | D:2      | Noticed Jessica
  1372 | D:2      | Killed Jessica
  1397 | D:2      | Reached XP level 5. HP: 21/28 MP: 6/6
  1438 | D:2      | Found a snail-covered altar of Cheibriados.
  1439 | D:2      | Found a stormy altar of Qazlal.
  1852 | D:3      | Noticed PeterMcNeter's ghost (amateur GrFi)
  2107 | D:3      | Found a basalt altar of Yredelemnul.
  2308 | D:3      | Noticed Terence
  2328 | D:3      | Killed Terence
  2745 | D:4      | Gained mutation: You heal very quickly. [Vine Stalker growth]
  2745 | D:4      | Reached XP level 6. HP: 33/33 MP: 7/7
  2879 | D:4      | Found a staircase to the Ecumenical Temple.
  2889 | Temple   | Entered the Ecumenical Temple
  2981 | Temple   | Became a worshipper of Makhleb the Destroyer
  3345 | D:4      | Reached skill level 1 in Invocations
  3639 | D:5      | Entered Level 5 of the Dungeon
  3676 | D:5      | Noticed a sky beast
  3700 | D:5      | Killed a sky beast
  3700 | D:5      | Reached skill level 1 in Axes
  3700 | D:5      | Reached XP level 7. HP: 30/37 MP: 6/9
  3901 | D:5      | Noticed Edmund
  3908 | D:5      | Killed Edmund
  3910 | D:5      | Reached * piety under Makhleb
  3910 | D:5      | Reached skill level 2 in Axes
  4011 | D:5      | Found an iron altar of Okawaru.
  4190 | D:5      | Gained mutation: You have razor-sharp teeth. [Vine Stalker growth]
  4190 | D:5      | Reached XP level 8. HP: 40/42 MP: 10/10
  4661 | D:6      | Reached skill level 5 in Fighting
  4913 | D:6      | Reached ** piety under Makhleb
  4913 | D:6      | Reached skill level 5 in Shields
  4956 | D:6      | Found Dach's Distillery.
  5146 | D:7      | Reached skill level 3 in Axes
  5333 | D:7      | Reached XP level 9. HP: 31/48 MP: 8/11
  5412 | D:7      | Reached skill level 5 in Armour
  5644 | D:7      | Reached skill level 4 in Axes
  5788 | D:7      | Noticed Crazy Yiuf
  5791 | D:7      | Killed Crazy Yiuf
  5927 | D:8      | Noticed Joseph
  5932 | D:8      | Reached *** piety under Makhleb
  5946 | D:8      | Killed Joseph
  6031 | D:8      | Reached skill level 5 in Axes
  6100 | D:8      | Noticed Erica
  6114 | D:8      | Killed Erica
  6114 | D:8      | Reached XP level 10. HP: 53/53 MP: 12/12
  6254 | D:8      | Got a slimy buckler
  6265 | D:8      | Identified the -3 buckler "Maho" {Int+3 SInv} (You found it on level 8 of the Dungeon)
  6286 | D:8      | Identified a +1 rod of shadows (14/14) (You found it on level 8 of the Dungeon)
  6636 | D:8      | Reached skill level 6 in Axes
  6651 | D:8      | Reached **** piety under Makhleb
  6665 | D:8      | Found a staircase to the Lair.
  6908 | Lair:1   | Entered Level 1 of the Lair of Beasts
  6908 | Lair:1   | Noticed a spiny frog
  6927 | Lair:1   | Reached skill level 1 in Evocations
  7007 | Lair:1   | Killed a spiny frog
  7038 | Lair:1   | Noticed a black mamba
  7048 | Lair:1   | Killed a black mamba
  7115 | Lair:1   | Reached skill level 7 in Axes
  7258 | Lair:1   | Reached ***** piety under Makhleb
  7354 | Lair:1   | Reached XP level 11. HP: 58/58 MP: 11/13
  8124 | Lair:2   | Reached skill level 8 in Axes
  8535 | Lair:2   | Noticed a six-headed hydra
  8567 | Lair:2   | HP: 1/59 [six-headed hydra (3)]
  8567 | Lair:2   | Slain by a six-headed hydra

Skill      XL: |  1  2  3  4  5  6  7  8  9 10 11 |
---------------+----------------------------------+-----
Maces & Flails | 2 3 |  3.6
Fighting       | 3 4 5 6 7 |  7.7
Shields        | 3 4 5 6 7 |  7.6
Armour         | 3 4 6 7 |  7.0
Invocations    | 1 2 |  2.6
Axes           | 1 2 3 5 7 8 |  8.0
Evocations     | 2 |  2.9
Dodging        | |  0.2

Action                   |  1- 3 |  4- 6 |  7- 9 | 10-12 || total
-------------------------+-------+-------+-------+-------++-------
Melee: Flail             |    89 |   186 |       |       ||   275
       Bite              |    19 |    69 |    97 |    56 ||   241
       Hand axe          |       |    50 |   275 |   163 ||   488
Throw: Javelin           |       |       |     2 |       ||     2
Invok: Major Destruction |       |       |       |     1 ||     1
Evoke: Rod               |       |       |       |    16 ||    16
  Use: Scroll            |       |       |     7 |       ||     7
 Stab: Distracted        |       |       |       |     1 ||     1
       Confused          |       |       |       |     1 ||     1
  Eat: Chunk             |     1 |     8 |     9 |     9 ||    27
       Royal jelly       |       |       |       |     1 ||     1
       Pizza             |       |       |       |     1 ||     1
Armor: Scale mail        |    35 |    45 |   114 |    89 ||   283
       Plate armour      |       |    47 |       |       ||    47
Dodge: Dodged            |    21 |    32 |    52 |    44 ||   149
Block: Shield            |    41 |   108 |    98 |   113 ||   360
